 Dungeon Crawl Stone Soup version 0.22.1-1-ga44c0e56f4 (webtiles) character file.

116 Kaderl the Shield-Bearer (level 5, -3/42 HPs)
             Began as a Merfolk Fighter on Oct 3, 2018.
             Killed by divine providence
             ... invoked by an orc priest
              (13 damage)
             ... on level 3 of the Dungeon.
             The game lasted 00:04:16 (1456 turns).

Kaderl the Shield-Bearer (Merfolk Fighter)          Turns: 1456, Time: 00:04:16

Health: -3/42      AC:  9    Str: 21    XL:     5   Next: 0%
Magic:  5/5        EV:  8    Int:  8    God:
Gold:   141        SH: 10    Dex: 14    Spells: 4/4 levels left

rFire    . . .     SeeInvis .   a - +1 long sword
rCold    . . .     Gourm    .   c - +0 shield
rNeg     . . .     Faith    .   b - +0 scale mail
rPois    .         Spirit   .   (no helmet)
rElec    .         Reflect  .   s - +0 cloak
rCorr    .         Harm     .   (no gloves)
MR       .....                  i - +1 pair of boots
Stlth    ..........             (no amulet)
HPRegen  0.14/turn              (no ring)
MPRegen  0.09/turn              (no ring)

@: mighty, slowed, very slow
A: change form in water, swift swim, stealthy swim
a: no special abilities


You were on level 3 of the Dungeon.
You were not hungry.

You visited 1 branch of the dungeon, and saw 3 of its levels.

You collected 141 gold pieces.

Inventory:

Hand Weapons
 a - a +1 long sword (weapon)
Armour
 b - a +0 scale mail (worn)
 c - a +0 shield (worn)
 i - a +1 pair of boots (worn)
 s - a +0 cloak (worn)
Jewellery
 g - an uncursed ring of see invisible {unknown}
 k - an uncursed ring of flight {unknown}
 l - an uncursed amulet of the gourmand {unknown}
 n - an uncursed ring of stealth {unknown}
 p - an uncursed ring of ice {unknown}
 q - an uncursed ring of ice {unknown}
Scrolls
 e - a scroll of enchant weapon
 o - a scroll of identify {unknown}
 r - a scroll of amnesia {unknown}
 t - a scroll of blinking {unknown}
Potions
 h - a potion of berserk rage {unknown}
 j - a potion of lignification {unknown}
 m - a potion of degeneration {unknown}
Comestibles
 f - 7 rations


   Skills:
 + Level 3.7 Fighting
 + Level 3.4 Long Blades
 + Level 2.6 Armour
 + Level 1.0 Dodging
 + Level 4.0 Shields


You had 4 spell levels left.
You didn't know any spells.
Your spell library was empty.

Dungeon Overview and Level Annotations

Branches:
Dungeon (3/15)

Altars:
Nemelex Xobeh
Vehumet
Zin


Message History

An orc comes into view. It is wielding a trident.
The orc priest miscasts a cantrip.
The orc hits you but does no damage. You block the orc wizard's attack.
The orc priest barely misses you.
You riposte.
You hit the orc priest.
The orc priest is lightly wounded.
You hit the orc priest but do no damage.
The orc priest is lightly wounded.
You block the orc's attack.
The orc hits you from afar with a trident.
The orc wizard points at you and mumbles some strange words.
The magic dart hits you!
* * * LOW HITPOINT WARNING * * *
The orc priest barely misses you. The orc hits you but does no damage. x2
Okay, then.
Okay, then.
You feel very mighty all of a sudden.
The orc wizard hits you but does no damage.
The orc priest mumbles some strange prayers to Beogh against you.
Beogh smites you!
You die...

#.# .# # #.# .#
#.##.## .#
#.#...########.#
#...#.).†......#
#.#...##########
#.##o## # #o#
#@# #o# #o# .o#
###


You could see an orc priest, an orc wizard and 3 orcs.

Vanquished Creatures
  4 adders (D:2)
  A worm (D:2)
  4 dart slugs
  5 orcs (D:3)
  8 bats
  4 giant cockroaches
  9 goblins
  10 hobgoblins
  3 jackals (D:3)
  A quokka (D:2)
  A ball python (D:2)
  3 frilled lizards (D:2)
  5 kobolds
  6 rats
64 creatures vanquished.

Notes
Turn   | Place    | Note
-------+----------+-------------------------------------------
     0 | D:1      | Kaderl the Merfolk Fighter began the quest for the Orb.
     0 | D:1      | Reached XP level 1. HP: 18/18 MP: 1/1
    68 | D:1      | Reached XP level 2. HP: 24/24 MP: 2/2
   264 | D:1      | Reached XP level 3. HP: 25/29 MP: 3/3
   753 | D:2      | Reached XP level 4. HP: 29/35 MP: 4/4
   805 | D:2      | Found a radiant altar of Vehumet.
  1073 | D:2      | Found a sparkling altar of Nemelex Xobeh.
  1073 | D:2      | Found a glowing silver altar of Zin.
  1335 | D:3      | Reached skill level 1 in Dodging
  1418 | D:3      | Reached skill level 4 in Shields
  1427 | D:3      | Reached XP level 5. HP: 41/42 MP: 5/5
  1456 | D:3      | Killed from afar by an orc priest

Skill      XL: |  1  2  3  4 |
---------------+-------------+-----
Long Blades    | 3 |  3.4
Dodging        | 1 |  1.0
Shields        | 4 |  4.0
Fighting       | |  3.7
Armour         | |  2.6

Action                   |  1- 3 |  4- 6 || total
-------------------------+-------+-------++-------
Melee: Long sword        |    85 |    97 ||   182
  Use: Scroll            |     4 |       ||     4
       Potion            |       |     1 ||     1
  Eat: Ration            |       |     1 ||     1
Armor: Scale mail        |    53 |    44 ||    97
Dodge: Dodged            |    41 |    33 ||    74
Block: Shield            |    55 |    68 ||   123
       Rpst.: Long sword |    12 |    12 ||    24
